AoeStats
← PLEYBOI

Black Forest

504286958Analyzed
2v2 RM · 28d ago on Sep 4, 2026· 53m 7s· 4 players
Game mode
Random Map
Map size
Medium (4 player)
Population
200
Speed
Normal
Resources
Standard
Victory
Conquest
Starting age
Dark Age
Ending age
Imperial Age
RankedLock teamsTeams togetherTeam positionsShared explorationLock speedFull tech treeHidden civsTurbo modeCheats
Victory
Defeat
🇸🇪 Khmer · Sweden
697
+11
🇧🇷 Persians · Brazil
688
+11
🇺🇸 Teutons · United States
583
-20
🇺🇸 Khmer · United States
581
-20
KrugaMan
4:53 Loom
12:34 Feudal Age
13:57 Man-at-Arms
15:03 Double-Bit Axe
21:52 Castle Age
20:23 Horse Collar
20:38 Gold Mining
20:45 Stone Mining
24:19 Bow Saw
27:00 Stone Shaft Mining
26:30 Heavy Plow
26:39 Squires
26:25 Gambesons
27:17 Pikeman
29:32 Caravan
34:25 Wheelbarrow
33:35 Town Watch
34:47 Ironclad
38:33 Imperial Age
36:47 Fortified Wall
36:51 Masonry
41:05 Conscription
42:24 Crenellations
43:29 Hoardings
45:36 Elite Skirmisher
PLEYBOI
1:40 Loom
15:49 Feudal Age
25:18 Castle Age
24:26 Man-at-Arms
25:40 Long Swordsman
26:55 Double-Bit Axe
28:22 Horse Collar
34:24 Gold Mining
34:52 Stone Mining
37:41 Bow Saw
38:19 Heavy Plow
40:09 Tusk Swords
43:41 Imperial Age
43:44 Elite Ballista Elephant
44:48 Conscription
45:48 Double Crossbow
47:19 Gold Shaft Mining
50:46 Scale Barding Armor
51:04 Forging
51:47 Chain Barding Armor
53:47 Iron Casting
Atommych
4:56 Loom
10:29 Feudal Age
11:47 Wheelbarrow
10:58 Horse Collar
11:46 Double-Bit Axe
12:12 Man-at-Arms
14:51 Town Watch
23:09 Castle Age
22:42 Gold Mining
22:45 Stone Mining
23:48 Bow Saw
23:42 Heavy Plow
24:23 Gold Shaft Mining
24:26 Stone Shaft Mining
24:39 Hand Cart
25:34 Pikeman
26:23 Squires
26:09 Arson
26:09 Gambesons
26:57 Long Swordsman
30:18 Crossbowman
31:21 Kamandaran
34:37 Town Patrol
37:45 Thumb Ring
42:25 Imperial Age
51:56 Elite War Elephant
Potato61935
12:53 Feudal Age
13:18 Horse Collar
14:34 Double-Bit Axe
22:35 Castle Age
23:42 Heavy Plow
23:55 Bow Saw
23:59 Stone Mining
28:20 Gold Mining
34:36 Stone Shaft Mining
34:37 Gold Shaft Mining
34:44 Gold Shaft Mining
37:06 Imperial Age
37:22 Elite Battle Elephant
40:11 Coinage
39:41 Caravan
39:51 Scale Barding Armor
39:46 Scale Mail Armor
39:47 Padded Archer Armor
39:37 Fletching
39:57 Forging
40:24 Crop Rotation
42:48 Chain Barding Armor
42:43 Chain Mail Armor
43:18 Loom
44:08 Wheelbarrow
43:19 Town Watch
45:37 Hand Cart
45:23 Town Patrol
47:43 Banking
47:48 Elite Ballista Elephant
48:28 Tusk Swords
47:59 Sappers
48:29 Double Crossbow
49:05 Hoardings
48:50 Conscription
49:00 Parthian Tactics
49:52 Plate Barding Armor
49:32 Leather Archer Armor
49:13 Bodkin Arrow
49:54 Iron Casting
49:13 Heavy Scorpion
49:15 Capped Ram
51:29 Chemistry
50:50 Ballistics
50:21 Heated Shot
51:01 Heavy Cavalry Archer
Connection lost

Rejoining the realm…

Still unreachable

The connection could not be restored.

Session expired

The server has moved on; the page needs a fresh start.